 Dungeon Crawl Stone Soup version 0.27-a0-1191-g601b473118 (webtiles) character file.

Game seed: 11649029899167902126

182836 freelancePsychic the Lord of Darkness (level 17, 0/135 HPs)
             Began as a Mummy Venom Mage on May 24, 2021.
             Was the Champion of Kikubaaqudgha.
             Slain by a merfolk
             ... wielding a +0 trident
              (5 damage)
             ... on level 2 of the Shoals.
             The game lasted 02:05:38 (46377 turns).

freelancePsychic the Lord of Darkness (MuVM)       Turns: 46377, Time: 02:05:38

Health: 0/135      AC: 16    Str: 12    XL:     17   Next: 72%
Magic:  4/34       EV: 20    Int: 24    God:    Kikubaaqudgha [******]
Gold:   1015       SH:  5    Dex: 14    Spells: 12/42 levels left

rFire    . . .     SeeInvis +   b - +7 dagger (pain)
rCold    + . .     Faith    +   r - +0 buckler
rNeg     + + +     Spirit   .   c - +0 troll leather armour
rPois    ∞         Reflect  .   g - +2 helmet {Int+3}
rElec    .         Harm     .   J - scarf {repulsion}
rCorr    .         Rampage  .   x - +0 pair of gloves "Jokeata" {rF+ Int+2 SInv}
Will     ++...                  m - +0 pair of boots
Stlth    ++........             p - amulet of faith
HPRegen  1.32/turn              j - +4 ring of protection
MPRegen  0.24/turn              z - +4 ring of evasion

@: death channeling, mesmerised, repel missiles
A: cold resistance 1, negative energy resistance 3, torment resistance 2, heat
vulnerability 1, in touch with death 1, no potions
a: Renounce Religion, Receive Corpses, Torment


You were on level 2 of the Shoals.
You worshipped Kikubaaqudgha.
Kikubaaqudgha was exalted by your worship.
You visited 7 branches of the dungeon, and saw 30 of its levels.
You also visited: Bailey and Gauntlet.

You collected 3233 gold pieces.
You spent 2218 gold pieces at shops.

Inventory:

Hand Weapons
 a - the +9 falchion of the Dripping Augurer {flame, rF+++ Will+}
   (You found it on level 6 of the Dungeon)

   It has been specially enchanted to burn those struck by it, causing extra
   injury to most foes and up to half again as much damage against particularly
   susceptible opponents.
   Big, fiery blades are also staple armaments of hydra-hunters.
   It renders you almost immune to fire.
   It increases your willpower.
 b - a +7 dagger of pain (weapon)
 R - the +6 Majin-Bo {vamp, MP+6 Int+6}
   (You took it off a centaur warrior on level 8 of the Dungeon)

   It inflicts no extra harm, but heals its wielder when it wounds a living foe.
   It affects your intelligence (+6).
   It affects your magic capacity (+6).
Missiles
 n - 6 throwing nets
 s - 12 curare-tipped darts
 y - 17 boomerangs of dispersal
 U - 4 atropa-tipped darts
Armour
 c - a +0 troll leather armour (worn)
 f - +0 acid dragon scales
 g - a +2 helmet of intelligence (worn)
 m - a +0 pair of boots (worn)
 o - a +2 cloak of stealth
 q - +2 fire dragon scales
 r - a +0 buckler (worn)
 x - the +0 pair of gloves "Jokeata" (worn) {rF+ Int+2 SInv}
   (You acquired it on level 2 of the Orcish Mines)

   It affects your intelligence (+2).
   It protects you from fire.
   It lets you see invisible.
 J - a scarf of repulsion (worn)
 W - a +2 kite shield of cold resistance
Jewellery
 e - a ring of resist corrosion
 j - a +4 ring of protection (left hand)
 p - an amulet of faith (around neck)
 u - a ring of magical power
 z - a +4 ring of evasion (right hand)
 E - an amulet of reflection
 H - a ring of protection from fire
 L - the amulet of the Clam {Regen+ Str-5 Int+10}
   (You found it in a Gauntlet)

   [amulet of regeneration]

   It affects your strength (-5).
   It affects your intelligence (+10).
   It increases your rate of health regeneration.
 N - the ring "Ciric" {rN+ Str+6}
   (You found it in a Gauntlet)

   [ring of strength]

   It affects your strength (+6).
   It protects you from negative energy.
 S - an amulet of magic regeneration
 T - the amulet "Gouheemn" {Spirit Fly Regen+}
   (You found it on level 1 of the Depths)

   [amulet of guardian spirit]

   It causes incoming damage to be divided between your reserves of health and
   magic.
   It grants you flight.
   It increases your rate of health regeneration.
Wands
 k - a wand of acid (6)
 w - a wand of paralysis (12)
 C - a wand of digging (8)
 D - a wand of iceblast (48)
 G - a wand of polymorph (7)
 I - a wand of flame (19)
 K - a wand of mindburst (36)
 Q - a wand of charming (13)
Scrolls
 d - 2 scrolls of silence
 h - 4 scrolls of vulnerability
 i - 11 scrolls of teleportation {@r4}
 l - 4 scrolls of holy word
 t - 9 scrolls of immolation
 v - 6 scrolls of identify {@r1}
 A - 6 scrolls of fog
 B - 2 scrolls of amnesia
 F - a scroll of magic mapping
 M - a scroll of torment
 P - a scroll of fear
 V - a scroll of enchant weapon
Miscellaneous
 O - a phantom mirror


   Skills:
 - Level 12.6 Fighting
 + Level 9.0 Short Blades
 - Level 0.6(5.6) Long Blades
 - Level 10.7 Armour
 - Level 10.8 Dodging
 - Level 1.5 Stealth
 - Level 4.0 Shields
 - Level 13.3 Spellcasting
 + Level 6.8 Summonings
 - Level 14.4 Necromancy
 - Level 2.7 Transmutations
 - Level 2.4 Fire Magic
 - Level 2.0 Air Magic
 - Level 3.2 Earth Magic
 - Level 6.0 Poison Magic


You had 12 spell levels left.
You knew the following spells:

 Your Spells              Type           Power      Damage    Failure   Level
a - Animate Dead          Necr           45%        N/A       1%          4
b - Death Channel         Necr           45%        N/A       1%          6
c - Ignite Poison         Fire/Tmut/Pois 33%        N/A       3%          3
d - Olgreb's Toxic Radia  Pois           45%        N/A       3%          4
e - Mephitic Cloud        Conj/Pois/Air  28%        N/A       4%          3
f - Dispel Undead         Necr           91%        3d29      1%          4
g - Sting                 Tmut/Pois      100%       1d8       1%          1
h - Borgnjor's Vile Clut  Necr/Erth      36%        N/A       3%          5

Your spell library contained the following spells:

 Spells                   Type           Power      Damage    Failure   Level
 Animate Skeleton         Necr           100%       N/A       0%          1
 Pain                     Necr           100%       1d9       0%          1
 Sandblast                Erth           62%        2d14      1%          1
 Corpse Rot               Necr/Air       N/A        N/A       1%          2
 Passwall                 Tmut/Erth      25%        N/A       1%          2
 Poisonous Vapours        Pois/Air       70%        N/A       1%          2
 Vampiric Draining        Necr           45%        2d12      1%          3
 Agony                    Necr           91%        N/A       1%          5
 Corona                   Hex            16%        N/A       4%          1
 Magic Dart               Conj           60%        1d6       4%          1
 Searing Ray              Conj           30%        3d4       7%          2
 Slow                     Hex            15%        N/A       7%          2
 Stone Arrow              Conj/Erth      46%        3d9       7%          3
 Summon Lightning Spire   Summ/Air       37%        N/A       8%          4
 Inner Flame              Hex/Fire       21%        N/A       9%          3
 Dazzling Flash           Conj/Hex       30%        N/A       14%         3
 Portal Projectile        Hex/Tloc       30%        N/A       14%         3
 Petrify                  Tmut/Erth      30%        N/A       14%         4
 Leda's Liquefaction      Hex/Erth       11%        N/A       24%         4
 Lee's Rapid Deconstruct  Erth           15%        3d11*     32%         5
 Cause Fear               Hex            7%         N/A       43%         4
 Fulminant Prism          Conj/Hex       7%         3d7       43%         4
 Iskenderun's Mystic Bla  Conj/Tloc      15%        2d5       43%         4
 Haunt                    Necr/Summ      39%        N/A       45%         7
 Bolt of Magma            Conj/Fire/Erth 12%        4d8       52%         5
 Irradiate                Conj/Tmut      11%        3d17      58%         5
 Silence                  Hex/Air        10%        N/A       65%         5
 Iskenderun's Battlesphe  Conj           15%        2d7       78%         5
 Monstrous Menagerie      Summ           24%        N/A       94%         7
 Iron Shot                Conj/Erth      11%        9d3       98%         6
 Conjure Ball Lightning   Conj/Air       10%        3x3d6     99%         6
 Malign Gateway           Summ/Tloc      16%        N/A       100%        7
 Orb of Destruction       Conj           7%         9d3       100%        7
 Spellforged Servitor     Conj/Summ      16%        N/A       100%        7
 Summon Horrible Things   Summ           24%        N/A       100%        8
 Tornado                  Air            12%        N/A       100%        9
 Beastly Appendage        Tmut           Unusable   N/A       N/A         1
 Wereblood                Tmut           Unusable   N/A       N/A         2
 Spider Form              Tmut/Pois      Unusable   N/A       N/A         3
 Ice Form                 Ice/Tmut       Unusable   N/A       N/A         4
 Hydra Form               Tmut           Unusable   N/A       N/A         5
 Statue Form              Tmut/Erth      Unusable   N/A       N/A         6
 Blade Hands              Tmut           Unusable   N/A       N/A         6
 Dragon Form              Tmut           Unusable   N/A       N/A         7

Dungeon Overview and Level Annotations

Branches:
Dungeon (15/15)            Temple (1/1) D:5            Lair (6/6) D:9
 Shoals (2/4) Lair:3        Snake (3/4) Lair:3        Slime (0/5) Lair:5
    Orc (2/2) D:10            Elf (0/3) Orc:2        Vaults (0/5) D:14
 Depths (1/5) D:15         Bailey (visited)         Gauntlet (visited)

Altars:
Ashenzari
Cheibriados
Dithmenos
Elyvilon
Fedhas
Gozag
Hepliaklqana
Kikubaaqudgha
Makhleb
Nemelex Xobeh
Okawaru
Qazlal
Ru
Sif Muna
Trog
Uskayaw
Vehumet
Wu Jian
Xom
Yredelemnul
Zin
The Shining One
Beogh
Jiyva

Shops:
Orc:2 :*!([=   Shoals:1 (   Snake:2 *!

Portals:
Hell: Depths:1
Trove: D:14 (give +2 ice dragon scales)

Annotations:
D:9 1 runed translucent door
Lair:1 exclusion: 2 oklob plants
Shoals:2 Polyphemus
Snake:2 2 transporters, exclusion: orange crystal statue


Innate Abilities, Weirdness & Mutations

You are immune to poison.
Your flesh is cold resistant. (rC+)
You are immune to negative energy. (rN+++)
You are immune to unholy pain and torment.
You are vulnerable to heat. (rF-)
You are in touch with the powers of death.
You do not drink.


Message History

The death yak seems to burn from within!
The death yak is moderately wounded.
The death yak seems to burn from within!!!
The death yak is almost dead.
The merfolk seems to burn from within!!
The merfolk is severely wounded.
The merfolk seems to burn from within!
The merfolk is moderately wounded.
Ilsuiw seems to burn from within!!
The tide is released from Ilsuiw's call.
You kill Ilsuiw!
Kikubaaqudgha accepts your kill.
The water elemental disappears in a puff of smoke! x3
The merfolk siren seems to burn from within!
The merfolk siren is heavily wounded.
The snapping turtle seems to burn from within.
The snapping turtle is lightly wounded.
The merfolk siren seems to burn from within!!
You kill the merfolk siren!
Kikubaaqudgha accepts your kill.
A glowing mist starts to gather... x2; The merfolk siren is poisoned.
The death yak is poisoned. x3; The merfolk is poisoned. x2
The snapping turtle is poisoned.
Your toxic aura wanes.
You hear an eerie melody.
The death yak gores you!!
* * * LOW HITPOINT WARNING * * *
The death yak gores you!
* * * LOW HITPOINT WARNING * * *
The merfolk hits you from afar with a +0 trident.
* * * LOW HITPOINT WARNING * * *
You block the merfolk's attack.
Your Short Blades skill increases to level 9!
You hear a haunting song.
The death yak completely misses you. The merfolk misses you.
The snapping turtle bites you from afar!
* * * LOW HITPOINT WARNING * * *
The merfolk hits you from afar with a +0 trident.
You die...
Kikubaaqudgha rasps: "You have failed me!
Welcome... oblivion!"

≈≈≈≈≈≈≈......≈#
≈≈≈≈≈≈≈≈≈≈...^#
≈≈≈≈≈≈≈≈≈≈...#
≈≈≈≈≈≈≈≈≈...#
≈≈≈≈≈≈≈≈>Z.Z#
≈≈≈≈≈≈≈.§.Z.#
≈≈≈≈≈≈m.mt..##
≈≈≈≈≈..YYm...##
≈≈≈###Y@.....#
≈ #....#...#
#....##..#
#...≈# .##
...≈≈# ..
...≈≈≈≈ ..
...≈≈≈≈≈
≈≈≈≈≈≈≈≈≈≈


You could see 3 death yaks, a snapping turtle (poisoned), 2 merfolk, a merfolk
siren (mesmerising, poisoned), a friendly spectral merfolk siren, the friendly
Ilsuiw the spectral merfolk and a friendly merfolk siren zombie.

Vanquished Creatures
  A nagaraja (Snake:3)
  Ilsuiw (Shoals:2)
  Aizul (Snake:3)
  3 stone giants
  Nessos (D:15)
  The ghost of experimilk the Bludgeoner, a journeyman GrMo of Okawaru (Lair:4)
  Josephine (D:11)
  3 ettins
  2 great orbs of eyes (Depths:1)
  A merfolk javelineer (Shoals:1)
  5 boulder beetles
  7 naga warriors
  5 catoblepae
  6 hydras
  A merfolk avatar (Shoals:1)
  8 centaur warriors
  9 anacondas
  2 merfolk aquamancers (Shoals:1)
  2 dancing weapons (D:14)
  A deep troll shaman (Depths:1)
  A two-headed ogre (D:13)
  2 deep troll earth magi (Depths:1)
  11 death yaks
  A death knight (D:8)
  3 tengu warriors
  5 shock serpents
  Sonja (Lair:6)
  4 orc high priests
  11 naga sharpshooters
  A salamander mystic (Snake:3)
  An iron troll (Depths:1)
  A skeletal warrior (D:8)
  2 sea snakes (Shoals:1)
  A glowing orange brain (Depths:1)
  2 deep trolls (Depths:1)
  5 naga ritualists
  2 wizards
  Pikel (D:8)
  The ghost of RealJoeEstevez the Chopper, a novice FoAK of Lugonu (D:11)
  2 deep elf pyromancers (D:13)
  14 harpies (Shoals:1)
  6 mana vipers
  7 orc knights
  14 cyclopes
  5 orc sorcerers
  2 fauns (Shoals:1)
  5 ugly things (D:14)
  6 salamanders
  5 manticores
  13 naga magi
  6 elephants
  A guardian serpent (Snake:3)
  A centaur zombie (D:11)
  7 merfolk sirens
  Joseph (D:8)
  25 black mambas
  8 cane toads
  A torpor snail (Lair:4)
  4 gargoyles
  A storm dragon simulacrum (D:15)
  A kobold demonologist (Bailey)
  Maggie (D:9)
  8 rime drakes
  An unseen horror (shapeshifter) (D:15)
  10 komodo dragons
  An unseen horror (D:11)
  4 merfolk (Shoals:1)
  2 wind drakes (Shoals:1)
  9 trolls
  A jumping spider (shapeshifter) (D:14)
  A meliai (shapeshifter) (D:8)
  A queen bee (Gauntlet)
  4 slime creatures
  5 dream sheep (Lair:6)
  7 blink frogs
  2 snapping turtles (Shoals:1)
  3 redbacks (D:9)
  2 shadows
  13 water elementals
  2 wyverns
  A vampire (D:13)
  A hog (D:15)
  64 yaks
  9 wraiths
  5 basilisks
  8 vampire mosquitoes
  2 steam dragons
  Menkaure (D:7)
  A small abomination (Gauntlet)
  5 wargs
  20 nagas
  3 acid dragons
  17 water moccasins
  28 orc warriors
  A black bear (D:4)
  4 sky beasts
  2 ice beasts
  A tengu (shapeshifter) (D:13)
  14 wolves
  A necrophage (D:6)
  7 ogres
  22 centaurs
  A phantom (D:6)
  2 lemures (D:8)
  19 bullfrogs
  2 gnoll sergeants
  9 scorpions
  25 killer bees
  8 howler monkeys
  5 wights (D:8)
  5 electric eels (Bailey)
  5 jellies
  13 orc priests
  5 hounds
  2 centaur skeletons
  A gnoll shaman (D:5)
  12 orc wizards
  5 hell rats (Lair:6)
  3 iguanas
  A killer bee zombie (D:9)
  A hound skeleton (D:4)
  A howler monkey zombie (D:9)
  25 gnolls
  8 adders
  A white imp (D:6)
  An ufetubus (D:7)
  A worm (D:2)
  3 dart slugs
  83 orcs
  8 ball pythons
  4 bats
  8 endoplasms
  2 giant cockroaches
  20 goblins
  19 hobgoblins
  8 jackals
  2 quokkas
  2 frilled lizards
  7 kobolds
  9 rats
882 creatures vanquished.

Vanquished Creatures (collateral kills)
  Vashnia (Snake:3)
  Kirke (D:15)
  A fire giant (Depths:1)
  A great orb of eyes (Depths:1)
  A rakshasa (Depths:1)
  5 hydras
  A two-headed ogre (D:14)
  7 death yaks
  A deep troll earth mage (Depths:1)
  Nergalle (Lair:3)
  3 naga sharpshooters (Snake:3)
  A deep troll (Depths:1)
  2 harpies (Shoals:1)
  An ugly thing (D:13)
  A manticore (Lair:6)
  A cyclops (D:13)
  2 mana vipers (Snake:1)
  5 slime creatures
  An elephant (Lair:5)
  A water nymph (Shoals:2)
  A naga mage (Snake:1)
  A guardian serpent (Snake:1)
  A cane toad (Lair:5)
  A rime drake (Lair:6)
  4 komodo dragons
  A merfolk (Shoals:1)
  2 blink frogs (Lair:6)
  2 water elementals
  A wyvern (Lair:4)
  A golden eye (shapeshifter) (D:13)
  7 yaks
  A hog (D:15)
  A vampire mosquito (D:13)
  2 nagas
  3 water moccasins
  An acid dragon (D:12)
  2 wolves
  A bullfrog (Lair:4)
  2 jellies (Gauntlet)
  2 hell rats (Lair:6)
75 creatures vanquished.

Vanquished Creatures (others)
  3 humans (D:15)
  2 bushes
  A demonic plant (Gauntlet)
  67 fungi
  166 plants
239 creatures vanquished.

Grand Total: 1196 creatures vanquished

Notes
Turn   | Place    | Note
-------+----------+-------------------------------------------
     0 | D:1      | freelancePsychic the Mummy Venom Mage began the quest for
                  | the Orb.
     0 | D:1      | Reached XP level 1. HP: 13/13 MP: 4/4
   160 | D:1      | Reached skill level 1 in Transmutations
   177 | D:1      | Reached XP level 2. HP: 14/19 MP: 0/5
   735 | D:1      | Learned a level 2 spell: Poisonous Vapours
  1374 | D:2      | Reached XP level 3. HP: 24/24 MP: 1/7
  1811 | D:2      | Noticed an ogre
  1827 | D:2      | Killed an ogre
  1828 | D:2      | Reached skill level 1 in Fire Magic
  1828 | D:2      | Reached XP level 4. HP: 30/30 MP: 0/9
  2843 | D:3      | Reached XP level 5. HP: 35/35 MP: 4/10
  4975 | D:4      | Noticed a black bear
  4997 | D:4      | Killed a black bear
  4998 | D:4      | Reached XP level 6. HP: 4/41 MP: 1/12
  5518 | D:4      | Learned a level 3 spell: Ignite Poison
  6032 | D:5      | Entered Level 5 of the Dungeon
  6049 | D:5      | Reached skill level 5 in Spellcasting
  6061 | D:5      | Reached skill level 1 in Air Magic
  6264 | D:5      | Reached XP level 7. HP: 33/46 MP: 6/14
  6460 | D:5      | Identified a scroll of acquirement
  6461 | D:5      | Acquired a +0 helmet of intelligence
  6647 | D:5      | Learned a level 3 spell: Mephitic Cloud
  7140 | D:5      | Found a staircase to the Ecumenical Temple.
  7148 | Temple   | Entered the Ecumenical Temple
  7434 | Temple   | Became a worshipper of Ru the Awakened
  7528 | D:5      | Reached skill level 5 in Poison Magic
  7528 | D:5      | Reached XP level 8. HP: 52/52 MP: 7/18
  8033 | Temple   | Fell from the grace of Ru
  8033 | Temple   | Became a worshipper of Kikubaaqudgha
  8658 | D:6      | Learned a level 4 spell: Olgreb's Toxic Radiance
  8779 | D:6      | Reached skill level 1 in Fighting
  9541 | D:6      | Identified the +9 falchion of the Dripping Augurer {flame,
                  | rF+++ Will+}
  9842 | D:6      | Identified the +0 leather armour "Dadybb" {rElec}
 10141 | D:7      | Noticed Menkaure
 10152 | D:7      | Killed Menkaure
 10153 | D:7      | Reached XP level 9. HP: 48/65 MP: 21/21
 10271 | D:7      | Reached skill level 1 in Necromancy
 10719 | D:7      | Reached skill level 2 in Necromancy
 10762 | D:8      | Noticed a komodo dragon
 10763 | D:8      | Reached * piety under Kikubaaqudgha
 10763 | D:8      | Identified Kikubaaqudgha's Grimoire of Sinister Secrets
                  | (Kikubaaqudgha gifted it to you on level 8 of the Dungeon)
 10763 | D:8      | Received a gift from Kikubaaqudgha
 10766 | D:8      | Reached skill level 5 in Fighting
 10841 | D:8      | Killed a komodo dragon
 10842 | D:8      | Reached skill level 3 in Necromancy
 10939 | D:8      | Noticed a centaur warrior
 11118 | D:8      | Reached skill level 4 in Necromancy
 11170 | D:8      | Noticed a meliai
 11174 | D:8      | Killed a meliai
 11228 | D:8      | Noticed a centaur warrior
 11253 | D:8      | Noticed a skeletal warrior
 11610 | D:9      | Reached XP level 10. HP: 76/77 MP: 11/23
 11615 | D:9      | Noticed Maggie
 11718 | D:9      | Killed Maggie
 11900 | D:9      | Found the +9 staff of Olgreb {rPois∞}
 11903 | D:9      | Found a runed translucent door.
 11907 | D:9      | Found a runed translucent gate.
 11907 | D:9      | Found a runed translucent gate.
 11908 | D:9      | Found a runed translucent door.
 11920 | D:9      | Found a runed translucent gate.
 12052 | D:9      | Reached ** piety under Kikubaaqudgha
 12355 | D:9      | Noticed a wizard
 12363 | D:9      | Killed a wizard
 12495 | D:9      | Found a bloodstained altar of Trog.
 12569 | D:9      | Found a staircase to the Lair.
 12637 | D:9      | Reached skill level 5 in Dodging
 12639 | D:9      | Reached *** piety under Kikubaaqudgha
 12639 | D:9      | Identified Kikubaaqudgha's Incunabulum of Stolen Souls
                  | (Kikubaaqudgha gifted it to you on level 9 of the Dungeon)
 12639 | D:9      | Received a gift from Kikubaaqudgha
 12775 | D:9      | Reached skill level 5 in Necromancy
 12776 | D:9      | Reached skill level 1 in Earth Magic
 12942 | D:10     | Entered Level 10 of the Dungeon
 13054 | D:10     | Identified the +1 chain mail of Depression {Harm rC+ Str+3
                  | Stlth+}
 13117 | D:10     | Found a staircase to the Orcish Mines.
 13146 | D:10     | Reached XP level 11. HP: 76/89 MP: 17/24
 13616 | D:10     | Reached skill level 1 in Armour
 13642 | D:10     | Reached **** piety under Kikubaaqudgha
 13643 | D:10     | Reached skill level 6 in Necromancy
 14313 | Orc:1    | Entered Level 1 of the Orcish Mines
 14484 | Orc:1    | Found a flagged portal.
 14490 | Bailey   | Entered a bailey
 14668 | Bailey   | Found an iron altar of Okawaru.
 14668 | Bailey   | Noticed an orc high priest
 14672 | Bailey   | Killed an orc high priest
 14923 | Bailey   | Reached ***** piety under Kikubaaqudgha
 14926 | Bailey   | Reached skill level 7 in Necromancy
 14996 | Bailey   | Noticed an orc knight
 15004 | Bailey   | Killed an orc knight
 15316 | Bailey   | Noticed an orc knight
 15327 | Bailey   | Killed an orc knight
 15749 | Bailey   | Learned a level 4 spell: Dispel Undead
 15755 | Bailey   | Learned a level 5 spell: Borgnjor's Vile Clutch
 16504 | Orc:1    | Learned a level 4 spell: Animate Dead
 16522 | Orc:2    | Entered Level 2 of the Orcish Mines
 16675 | Orc:2    | Found a bloodstained altar of Trog.
 16722 | Orc:2    | Reached skill level 8 in Necromancy
 16807 | Orc:2    | Found Elucsosk's Book Shop.
 16976 | Orc:2    | Found a staircase to the Elven Halls.
 16978 | Orc:2    | Found Ydizal's Jewellery Emporium.
 17290 | Orc:2    | Noticed an orc sorcerer
 17291 | Orc:2    | Found Purromn's Armour Boutique.
 17296 | Orc:2    | Noticed an orc high priest
 17298 | Orc:2    | Killed an orc sorcerer
 17301 | Orc:2    | Noticed a sun demon
 17522 | Orc:2    | Acquired the +0 pair of gloves "Jokeata" {rF+ Int+2 SInv}
 17536 | Orc:2    | Noticed an orc sorcerer
 17539 | Orc:2    | Killed an orc sorcerer
 17588 | Orc:2    | Noticed an orc knight
 17592 | Orc:2    | Killed an orc knight
 17593 | Orc:2    | Reached skill level 5 in Armour
 17645 | Orc:2    | Killed an orc high priest
 17646 | Orc:2    | Reached XP level 12. HP: 95/95 MP: 15/25
 17963 | Orc:2    | Noticed an orc high priest
 17982 | Orc:2    | Killed an orc high priest
 17983 | Orc:2    | Reached skill level 9 in Necromancy
 18116 | Orc:2    | Noticed an orc high priest
 18122 | Orc:2    | Killed an orc high priest
 18559 | Orc:2    | Reached skill level 10 in Fighting
 18817 | Orc:2    | Found Zuppiaw's Distillery.
 18826 | Orc:2    | Found Inoafrell's Assorted Antiques.
 18828 | Orc:2    | Found Oriashrab's Antique Weapon Boutique.
 18834 | Orc:2    | Bought a steaming cloak for 209 gold pieces
 18834 | Orc:2    | Identified the +1 cloak of the Black Moon {rN+ Will- Dex+5
                  | Stlth-} (You bought it in a shop on level 2 of the Orcish
                  | Mines)
 18938 | Orc:2    | Bought a +4 ring of evasion for 432 gold pieces
 18984 | Orc:2    | Reached skill level 10 in Necromancy
 19088 | Orc:1    | Reached skill level 10 in Spellcasting
 19422 | Lair:1   | Entered Level 1 of the Lair of Beasts
 20857 | Lair:2   | Noticed a six-headed hydra
 20873 | Lair:2   | Killed a six-headed hydra
 21213 | Lair:2   | Noticed a five-headed hydra
 21231 | Lair:2   | Killed a five-headed hydra
 21493 | Lair:2   | Gained mutation: You are in touch with the powers of death.
                  | [Mummy growth]
 21493 | Lair:2   | Reached XP level 13. HP: 104/104 MP: 13/28
 22479 | Lair:3   | Noticed Nergalle
 22489 | Lair:3   | Killed Nergalle
 22490 | Lair:3   | Reached skill level 11 in Necromancy
 22591 | Lair:3   | Found a staircase to the Snake Pit.
 22714 | Lair:3   | Learned a level 6 spell: Death Channel
 22980 | Lair:3   | Found a staircase to the Shoals.
 24022 | Lair:4   | Reached ****** piety under Kikubaaqudgha
 24135 | Lair:4   | Found a runed translucent door.
 24136 | Lair:4   | Noticed experimilk's ghost (journeyman GrMo)
 24339 | Lair:4   | Reached skill level 12 in Necromancy
 24684 | Lair:4   | Killed experimilk's ghost
 25624 | Lair:5   | Reached XP level 14. HP: 111/111 MP: 14/31
 25945 | Lair:5   | Found a staircase to the Slime Pits.
 25945 | Lair:5   | Found a viscous altar of Jiyva.
 26198 | Lair:6   | Entered Level 6 of the Lair of Beasts
 26203 | Lair:6   | Noticed Sonja
 26206 | Lair:6   | Killed Sonja
 26352 | Lair:6   | Acquired 443 gold pieces
 28454 | D:11     | Reached skill level 10 in Dodging
 28592 | D:11     | Found a runed translucent gate.
 28592 | D:11     | Found a runed translucent gate.
 28592 | D:11     | Found a runed translucent gate.
 28594 | D:11     | Noticed RealJoeEstevez's ghost (novice FoAK)
 28610 | D:11     | Killed RealJoeEstevez's ghost
 29740 | D:11     | Noticed Josephine
 29743 | D:11     | Killed Josephine
 30555 | D:12     | Identified the +7 scale mail of Intuition {rN+}
 30660 | D:12     | Reached XP level 15. HP: 120/120 MP: 15/32
 32093 | D:13     | Reached skill level 1 in Shields
 33179 | D:14     | Found a gate leading to a gauntlet.
 33187 | Gauntlet | Entered a Gauntlet
 33187 | Gauntlet | Found a transporter.
 33187 | Gauntlet | Found a transporter.
 33202 | Gauntlet | Found a transporter.
 33203 | Gauntlet | Found a transporter.
 33203 | Gauntlet | Found a transporter.
 33206 | Gauntlet | Found a transporter.
 33213 | Gauntlet | Found a transporter.
 33214 | Gauntlet | Found a transporter.
 33215 | Gauntlet | Found a transporter.
 33217 | Gauntlet | Found a transporter.
 33225 | Gauntlet | Found a transporter.
 33225 | Gauntlet | Found a transporter.
 33485 | Gauntlet | Acquired a scarf of repulsion
 33542 | Gauntlet | Identified the amulet of the Clam {Regen+ Str-5 Int+10}
 33564 | Gauntlet | Identified the +4 rapier of Qazlal {drain, rF+ rC+ SInv
                  | Stlth+}
 33564 | Gauntlet | Identified the ring "Ciric" {rN+ Str+6}
 34047 | D:14     | Found a shadowy altar of Dithmenos.
 34384 | D:14     | Found a gate to the Vaults.
 34427 | D:14     | Found a portal to a secret trove of treasure.
 34658 | D:15     | Entered Level 15 of the Dungeon
 35088 | D:15     | Noticed Kirke
 35100 | D:15     | Killed Kirke
 35353 | D:15     | Noticed Nessos
 35363 | D:15     | Killed Nessos
 35470 | D:15     | Found a staircase to the Depths.
 35495 | D:15     | Reached skill level 13 in Necromancy
 35754 | Depths:1 | Entered Level 1 of the Depths
 35754 | Depths:1 | Found a gateway to Hell.
 35758 | Depths:1 | Identified the amulet "Gouheemn" {Spirit Fly Regen+}
 36910 | Depths:1 | Reached XP level 16. HP: 129/129 MP: 24/33
 36962 | Depths:1 | Reached skill level 10 in Armour
 37101 | Depths:1 | Found an opulent altar of Gozag.
 37593 | Snake:1  | Entered Level 1 of the Snake Pit
 37828 | Snake:1  | HP: 6/129 [naga warrior/+0 halberd (21)]
 38283 | D:8      | Noticed Pikel
 38287 | D:8      | Killed Pikel
 38293 | D:8      | Reached skill level 1 in Short Blades
 38432 | D:8      | Noticed Joseph
 38436 | D:8      | Killed Joseph
 38715 | D:6      | Identified a +5 dagger of pain (a +3 dagger bloodied by
                  | Kikubaaqudgha)
 38715 | D:6      | Received a gift from Kikubaaqudgha
 40817 | Snake:2  | Reached skill level 14 in Necromancy
 41123 | Snake:2  | Found Ifid's Distillery.
 41128 | Snake:2  | Found Tij Koy's General Store.
 41130 | Snake:2  | Identified the +0 robe "Zefyaru" {rF+ Will+}
 41140 | Snake:2  | Reached skill level 5 in Short Blades
 41254 | Snake:2  | Bought a scroll of torment for 142 gold pieces
 41293 | Snake:2  | Found a transporter.
 41304 | Snake:2  | Found a transporter.
 42089 | Orc:2    | Bought a Grand Grimoire for 1435 gold pieces
 42337 | Snake:3  | Reached skill level 1 in Summonings
 42880 | Snake:3  | Reached XP level 17. HP: 93/135 MP: 18/34
 43167 | Snake:3  | Acquired +2 fire dragon scales
 43224 | Snake:3  | Noticed Vashnia
 43258 | Snake:3  | Killed Vashnia
 44085 | Snake:3  | Noticed Aizul
 44101 | Snake:3  | Killed Aizul
 44498 | Shoals:1 | Entered Level 1 of the Shoals
 44694 | Shoals:1 | Reached skill level 5 in Summonings
 45206 | Shoals:1 | Found Nyimos's Antique Weapon Boutique.
 45578 | Shoals:2 | Noticed Polyphemus
 46128 | Shoals:2 | Noticed Ilsuiw
 46376 | Shoals:2 | Killed Ilsuiw
 46377 | Shoals:2 | HP: 5/135 [snapping turtle (12)]
 46377 | Shoals:2 | Slain by a merfolk

Illustrated notes

Levels and vault maps discovered:
D:1:      amcnicky_arrival_blooded_trapdoor, layout_basic, hex_large
D:2:      layout_basic
D:3:      kennysheep_six_static_rooms, layout_basic, kennysheep_generic_room_9
D:4:      layout_basic, minivault_19
D:5:      layout_basic, minmay_temple_entry_statues_pillars, chequers_big_river
D:6:      layout_loops_ring
D:7:      layout_rooms, uniq_menkaure
D:8:      minmay_cut_squares, layout_rooms, uniq_joseph, uniq_pikel
D:9:      layout_roguey [special_room_orc], trog_hazing_becter,
          lair_entry_dummy, minmay_guarded_unrand_staff_of_olgreb, uniq_maggie
D:10:     layout_loops_ring, david_orc_1_choice, abandoned_shop, hive_lemuel
D:11:     layout_grid_maze, gammafunk_ghost_hydra_chop, uniq_josephine
D:12:     layout_cave_pods
D:13:     layout_long_grid, minmay_joined_circles
D:14:     layout_roguey, erik_vaults_1, gauntlet_entry_generic,
          nicolae_trove_entry_crystal, nicolae_dithmenos_through_a_glass_darkly
D:15:     grunt_enter_depths_snipers, layout_cave_pools, serial_bayou_pond_c,
          uniq_nessos, uniq_kirke
Temple:   roderic_octagonal_lattice_temple
Lair:1:   layout_chaotic_city, minmay_lair_oklob_chamber,
          infiniplex_staircase_pool
Lair:2:   layout_roguey, serial_forest, infiniplex_forest_fountain,
          infiniplex_forest_corner_1, infiniplex_forest_end_3,
          infiniplex_forest_zigzag_1, infiniplex_forest_clump_curved,
          infiniplex_forest_lined_room_2, infiniplex_forest_clump_long,
          grunt_forest_stairs_basic
Lair:3:   layout_hall_layers, minmay_shoals_entry_lonely_mermaid,
          dummy_snake_entry, uniq_nergalle
Lair:4:   layout_long_grid, basic_altar, gammafunk_ghost_grave,
          eino_small_chamber_without_monster, serial_bayou_crossing
Lair:5:   layout_regular_city, slime_altar_1, st_stairs_12,
          chequers_serial_rivers_micro_e, minivault_11,
          chequers_serial_rivers_small_a
Lair:6:   evilmike_catoblepas_cave, layout_loops_ring, minmay_lair_drake_nest,
          lemuel_fruit_tree, uniq_sonja
Shoals:1: cheibrodos_shoals_baths, layout_shoals, serial_shops,
          nicolae_shop_stone, nicolae_shoals_stone_sculpture_thing, st_cyclops
Shoals:2: layout_shoals, nicolae_shoals_water_elemental_grotto, uniq_roxanne,
          uniq_ilsuiw, uniq_polyphemus
Snake:1:  layout_chambers, special_room
Snake:2:  gammafunk_sealed_arena, layout_onion, minmay_shop_star
Snake:3:  layout_grid_maze, nicolae_snake_round_shape_thing, uniq_aizul,
          uniq_vashnia
Orc:1:    layout_caves, enter_bailey_3, basic_altar
Orc:2:    st_orc_elflike, layout_caves, serial_shops, shop, shop_fountains,
          basic_altar
Depths:1: layout_basic, hell_entry, rand_demon_pan_entry_4, grunt_gozag_statues,
          serial_shops, shop, abyss_entry, kennysheep_generic_room_11,
          serial_bayou_shore_a

Skill      XL: |  1  2  3  4  5  6  7  8  9 10 11 12 13 14 15 16 17 |
---------------+----------------------------------------------------+-----
Transmutations | 1 2 |  2.7
Spellcasting   | 3 4 5 6 8 9 11 13 | 13.3
Fire Magic     | 1 2 |  2.4
Poison Magic   | 3 4 5 6 |  6.0
Air Magic      | 1 2 |  2.0
Fighting       | 3 6 9 10 11 12 | 12.6
Necromancy     | 4 5 8 10 12 13 14 | 14.4
Dodging        | 2 5 6 8 10 | 10.8
Earth Magic    | 1 3 |  3.2
Armour         | 5 7 9 10 | 10.7
Shields        | 4 |  4.0
Short Blades   | 6 9 |  9.0
Summonings     | 2 6 |  6.8
Long Blades    | |  0.6
Stealth        | |  1.5

Action                   |  1- 3 |  4- 6 |  7- 9 | 10-12 | 13-15 | 16-18 || total
-------------------------+-------+-------+-------+-------+-------+-------++-------
Melee: Dagger            |     9 |    23 |     5 |       |       |   559 ||   596
       Unarmed           |     4 |       |       |       |       |       ||     4
       Falchion          |       |       |    20 |    88 |   255 |    41 ||   404
 Cast: Sting             |    30 |    13 |     9 |       |       |       ||    52
       Poisonous Vapours |    23 |    87 |    49 |    54 |       |       ||   213
       Ignite Poison     |       |     8 |    38 |    96 |    69 |    15 ||   226
       Olgreb's Toxic Ra |       |       |    25 |   114 |   106 |    29 ||   274
       Mephitic Cloud    |       |       |    10 |     4 |       |       ||    14
       Animate Dead      |       |       |       |     9 |    24 |    15 ||    48
       Borgnjor's Vile C |       |       |       |    25 |   130 |   166 ||   321
       Death Channel     |       |       |       |       |    19 |     1 ||    20
       Dispel Undead     |       |       |       |       |    22 |     7 ||    29
Invok: Receive Corpses   |       |       |       |     8 |    29 |    12 ||    49
       Brand Weapon With |       |       |       |       |       |     1 ||     1
       Torment           |       |       |       |       |       |     2 ||     2
Evoke: Phantom mirror    |       |       |       |       |     1 |       ||     1
  Use: Scroll            |     1 |     2 |     8 |     6 |    10 |     7 ||    34
 Stab: Distracted        |       |       |       |       |     3 |     1 ||     4
       Petrified         |       |       |       |       |     7 |       ||     7
       Sleeping          |       |       |       |       |     1 |     1 ||     2
Armor: Robe              |     4 |    10 |    23 |       |       |       ||    37
       Troll leather arm |       |       |       |    44 |   153 |   244 ||   441
Dodge: Dodged            |    17 |    28 |    37 |   135 |   518 |   816 ||  1551
       Repelled          |       |       |       |       |       |     3 ||     3
Block: Buckler           |       |       |       |       |    22 |   164 ||   186
       Rpst.: Falchion   |       |       |     4 |    34 |   121 |    18 ||   177

Table legend: (Time is in decaauts)
 A = Elapsed time spent in this place.
 B = Non-inter-level travel time spent in this place.
 C = Inter-level travel time spent in this place.
 D = Time resting spent in this place.
 E = Time spent auto-exploring this place.
 F = Levels seen in this place.
 G = Mean time per level.
                   A        B        C        D        E       F      G
               +--------+--------+--------+--------+--------+-----+--------+
         Total |  46509 |  44074 |   2435 |   5072 |  32929 |  32 | 1453.4 |
       Dungeon |  23188 |  21880 |   1308 |   2591 |  16818 |  15 | 1545.9 |
        Temple |    346 |    289 |     57 |      0 |    275 |   1 |  346.0 |
          Lair |   9534 |   8880 |    654 |    610 |   7241 |   6 | 1589.0 |
        Shoals |   1697 |   1682 |     15 |    258 |    963 |   2 |  848.5 |
     Snake Pit |   5443 |   5206 |    237 |    771 |   3521 |   3 | 1814.3 |
  Orcish Mines |   3509 |   3349 |    160 |    635 |   2149 |   2 | 1754.5 |
        Depths |   1120 |   1118 |      2 |      0 |    842 |   1 | 1120.0 |
        Bailey |   1286 |   1286 |      0 |    138 |    968 |   1 | 1286.0 |
      Gauntlet |    382 |    382 |      0 |     69 |    151 |   1 |  382.0 |
               +--------+--------+--------+--------+--------+-----+--------+

Top non-repeatable levels by time:
   Orc:2: 2560 daAuts
     D:5: 2241 daAuts
 Snake:1: 2170 daAuts
  Lair:6: 2085 daAuts
     D:3: 2014 daAuts
 Snake:3: 1983 daAuts
    D:11: 1930 daAuts
    D:10: 1884 daAuts
     D:7: 1675 daAuts
Shoals:1: 1642 daAuts
    D:12: 1602 daAuts
    D:15: 1602 daAuts
  Lair:2: 1599 daAuts
  Lair:4: 1596 daAuts
  Lair:1: 1589 daAuts
